AoeStats
← Lost My Scout

Lombardia

510231991Analyzed
4v4 RM · 1d ago on Sep 30, 2026· 80m 1s· 8 players
Game mode
Random Map
Map size
Large (8 player)
Population
200
Speed
Normal
Resources
Standard
Victory
Conquest
Starting age
Dark Age
Ending age
Imperial Age
RankedLock teamsTeams togetherTeam positionsShared explorationLock speedFull tech treeHidden civsTurbo modeCheats
Victory
Defeat
🇺🇸 Magyars · United States
835
+16
🇨🇦 Ethiopians · Canada
819
+17
🇺🇸 Franks · United States
808
+17
🇺🇸 Mongols · United States
799
+18
🇺🇸 Britons · United States
885
-18
🇺🇸 Franks · United States
850
-18
🇺🇸 Franks · United States
839
-17
🇺🇸 Huns · United States
787
-15
Rogue Lawyer
14:29 Feudal Age
12:46 Loom
16:01 Double-Bit Axe
17:41 Fletching
19:35 Bloodlines
20:17 Stone Mining
23:42 Castle Age
22:38 Gold Mining
24:14 Forging
27:17 Coinage
30:16 Squires
32:30 Ballistics
32:21 Scale Barding Armor
33:10 Husbandry
33:43 Light Cavalry
37:42 Bodkin Arrow
38:48 Horse Collar
40:00 Wheelbarrow
40:29 Masonry
41:07 Caravan
42:26 Chain Barding Armor
42:43 Iron Casting
42:54 Hand Cart
42:51 Thumb Ring
44:01 Bow Saw
47:05 Imperial Age
45:58 Elite Skirmisher
47:22 Padded Archer Armor
47:13 Heavy Camel Rider
48:19 Conscription
48:33 Bracer
48:50 Leather Archer Armor
52:09 Blast Furnace
51:50 Parthian Tactics
51:57 Nomads
51:49 Onager
54:48 Chemistry
53:55 Siege Engineers
54:39 Siege Onager
55:53 Elite Mangudai
56:52 Heavy Plow
56:24 Hussar
58:35 Heavy Cavalry Archer
59:41 Drill
59:57 Hoardings
63:48 Crossbowman
63:54 Heavy Scorpion
73:42 Elite Steppe Lancer
ChewedGizmo
6:22 Loom
14:49 Feudal Age
19:56 Castle Age
19:37 Bloodlines
19:39 Gold Mining
19:39 Double-Bit Axe
19:53 Fletching
20:39 Bodkin Arrow
20:45 Padded Archer Armor
22:06 Bow Saw
22:17 Husbandry
24:22 Wheelbarrow
24:48 Thumb Ring
27:06 Ballistics
29:27 Leather Archer Armor
33:50 Caravan
41:02 Imperial Age
38:51 Hand Cart
39:35 Corvinian Army
42:04 Recurve Bow
42:09 Bracer
42:39 Ring Archer Armor
43:22 Chemistry
43:10 Heavy Cavalry Archer
44:16 Parthian Tactics
46:59 Two-Man Saw
56:08 Elite Magyar Huszar
57:14 Scale Barding Armor
Hollywood
10:53 Feudal Age
9:12 Loom
17:07 Castle Age
16:04 Double-Bit Axe
16:29 Gold Mining
21:35 Husbandry
22:03 Pikeman
24:03 Wheelbarrow
24:26 Forging
26:49 Stone Mining
29:15 Scale Barding Armor
36:54 Imperial Age
34:44 Hand Cart
37:10 Iron Casting
38:12 Conscription
37:58 Chivalry
37:47 Cavalier
39:30 Paladin
42:18 Blast Furnace
42:58 Squires
43:03 Scale Mail Armor
51:53 Chain Barding Armor
62:25 Onager
63:31 Light Cavalry
67:18 Plate Barding Armor
67:50 Chemistry
70:18 Fletching
72:22 Gold Shaft Mining
76:01 Ballistics
AOP.Wadero
IdocOhThree
0:32 Loom
12:15 Feudal Age
12:59 Double-Bit Axe
14:11 Wheelbarrow
20:35 Castle Age
19:30 Forging
19:46 Scale Barding Armor
21:27 Bow Saw
22:02 Town Watch
23:08 Town Watch
29:06 Iron Casting
28:51 Chain Barding Armor
34:28 Husbandry
41:25 Imperial Age
DONtheDON
12:10 Feudal Age
12:45 Double-Bit Axe
19:50 Scale Barding Armor
20:42 Bloodlines
20:34 Horse Collar
26:15 Castle Age
26:25 Forging
26:43 Light Cavalry
27:50 Chain Barding Armor
28:06 Iron Casting
29:51 Pikeman
30:26 Fletching
31:33 Bodkin Arrow
32:56 Padded Archer Armor
38:45 Imperial Age
39:05 Murder Holes
39:31 Heavy Plow
39:41 Bracer
39:48 Cavalier
45:40 Plate Barding Armor
46:47 Bow Saw
52:15 Chemistry
51:36 Ballistics
51:49 Parthian Tactics
51:53 Elite Skirmisher
53:54 Halberdier
55:26 Paladin
62:46 Two-Man Saw
64:21 Hussar
kevinfz101006xr
10:35 Feudal Age
15:43 Castle Age
14:20 Fletching
16:45 Double-Bit Axe
17:07 Crossbowman
25:42 Bodkin Arrow
26:29 Padded Archer Armor
27:55 Wheelbarrow
30:03 Gold Mining
35:12 Imperial Age
33:11 Pikeman
33:53 Squires
33:38 Gambesons
33:39 Arson
34:12 Bow Saw
33:47 Horse Collar
37:03 Two-Man Saw
35:56 Halberdier
36:39 Bracer
37:21 Ballistics
38:48 Chemistry
37:34 Treadmill Crane
39:24 Leather Archer Armor
39:10 Scale Mail Armor
39:20 Forging
39:54 Elite Longbowman
41:06 Ring Archer Armor
41:28 Conscription
44:17 Chain Mail Armor
44:37 Iron Casting
44:32 Yeomen
45:16 Gold Shaft Mining
44:32 Stone Mining
56:04 Plate Mail Armor
56:34 Blast Furnace
55:43 Siege Engineers
Lost My Scout
0:44 Loom
15:41 Feudal Age
17:08 Stone Mining
17:14 Gold Mining
17:13 Double-Bit Axe
22:50 Castle Age
20:59 Arson
21:22 Scale Barding Armor
21:48 Scale Mail Armor
22:23 Fletching
23:14 Forging
24:20 Bow Saw
25:24 Gold Shaft Mining
25:29 Wheelbarrow
25:04 Town Watch
26:08 Light Cavalry
26:49 Husbandry
30:38 Squires
29:59 Pikeman
32:47 Hand Cart
34:34 Town Patrol
40:39 Imperial Age
38:27 Fortified Wall
38:30 Masonry
38:00 Treadmill Crane
39:02 Caravan
40:07 Chain Barding Armor
41:50 Iron Casting
41:31 Chain Mail Armor
41:12 Bodkin Arrow
41:16 Murder Holes
41:43 Ballistics
42:32 Conscription
43:29 Chivalry
44:05 Hoardings
43:39 Chivalry
43:11 Cavalier
47:23 Chemistry
46:09 Arrowslits
46:31 Siege Engineers
46:56 Architecture
47:40 Hoardings
Connection lost

Rejoining the realm…

Still unreachable

The connection could not be restored.

Session expired

The server has moved on; the page needs a fresh start.